cohdb
Replays
Latest Replays
All Replays
Popular Replays
Top Player Replays
Match Explorer
How It Works
Community
CoH3 Stats
Reddit
Sign in to upload your games and track your stats! →
Sign in with Steam
Match 39067696
Unlisted
Match 39067696
Overview
Messages
Build Orders
End
Scout Squad
Selects Armored Battlegroup
Selects Assault Engineers
Assault Engineer Squad
Construct Barracks
Assault Engineer Squad
Riflemen Squad
Infantry Support Center
Riflemen Squad
M1 Mortar Team
Construct Medical Station
Construct Weapon Support Center
Selects Strength in Steel
Bazooka Squad
Grenade Package
Construct Tank Depot
M4(105) Sherman Bulldozer
Advanced Logistics
Selects Field Repairs
Selects War Machine
M1918 Browning Automatic Rifles
M18 Hellcat Tank Destroyer
Selects Seek and Destroy
Selects UNKNOWN (2160077)
M4(105) Sherman Bulldozer
Field Repairs
M4A1 Sherman Medium Tank
M4A1 Sherman Medium Tank
Assault Engineer Squad
Field Repairs
只愛❤毛妹
Orange Cat
0
0
Comments
sign in to comment!
No comments posted yet!